 Dungeon Crawl Stone Soup version 0.17.1-1-g73c8601 (webtiles) character file.

6584 Runnr the Merchant of Misery (level 11, -3/86 HPs)
             Began as a Human Necromancer on Dec 26, 2015.
             Was a Believer of Kikubaaqudgha.
             Slain by a spiny frog (12 damage)
             ... on level 1 of the Lair of Beasts.
             The game lasted 00:41:56 (11159 turns).

Runnr the Merchant of Misery (Human Necromancer)   Turns: 11159, Time: 00:41:56

Health: -3/86      AC:  4    Str: 11    XL:     11   Next: 21%
Magic:  8/22       EV: 16    Int: 20    God:    Kikubaaqudgha [**....]
Gold:   408        SH:  0    Dex: 13    Spells: 5 memorised, 13 levels left

rFire  + . .     SeeInvis .     M - +6 rapier of Efics {drain, rC+ Str+3}
rCold  + + +     Clarity  .     s - +1 robe {rC+ rF+}
rNeg   . . .     SustAt   +     (no shield)
rPois  .         Gourm    .     j - +0 helmet
rElec  .         Spirit   .     (no cloak)
rCorr  .         Warding  .     (no gloves)
rMut   .         Stasis   .     (no boots)
MR     .....                    (no amulet)
Stlth  ++........               z - ring of sustain attributes
                                n - ring of flight

@: lethally poisoned (-3 -> -17), not resistant to hostile enchantments,
unstealthy
A: cold resistance 1
a: Receive Corpses, Renounce Religion, Evoke Flight


You were on level 1 of the Lair of Beasts.
You worshipped Kikubaaqudgha.
Kikubaaqudgha was pleased with you.
You were very hungry.

You visited 3 branches of the dungeon, and saw 13 of its levels.

You collected 408 gold pieces.

Inventory:

Hand Weapons
 u - the +11 great mace "Hulk" {freeze, SInv}
   (You found it on level 4 of the Dungeon)

   It has been specially enchanted to freeze those struck by it, causing extra
   injury to most foes and up to half again as much damage against particularly
   susceptible opponents.
   It can also slow down cold-blooded creatures.
   It lets you see invisible.
 M - the +6 rapier of Efics (weapon) {drain, rC+ Str+3}
   (You found it on level 8 of the Dungeon)

   A truly terrible weapon, it drains the life of those it strikes.
   It affects your strength (+3).
   It protects you from cold.
 P - a +0 blowgun
Missiles
 Q - 7 poisoned needles
 R - 3 curare-tipped needles
Armour
 j - a +0 helmet (worn)
 s - a +1 robe of resistance (worn)
Jewellery
 m - an uncursed ring of fire
 n - a ring of flight (left hand)
 z - a ring of sustain attributes (right hand)
Wands
 p - a wand of frost (20)
 A - a wand of disintegration (6)
 G - a wand of frost (17)
 N - a wand of draining (4)
 O - a wand of teleportation (6)
Scrolls
 e - a scroll of enchant armour {unknown}
 f - a scroll of noise {unknown}
 g - 2 scrolls of fog {unknown}
 h - 2 scrolls of remove curse
 k - 2 scrolls of recharging {unknown}
 o - a scroll of immolation {unknown}
 v - 2 scrolls of magic mapping {unknown}
 y - a scroll of blinking {unknown}
 D - a scroll of teleportation {unknown}
 I - a scroll of fear {unknown}
 J - 2 scrolls of amnesia {unknown}
 K - 4 scrolls of enchant weapon {unknown}
Potions
 a - 2 potions of invisibility {unknown}
 d - 6 potions of agility
 r - a potion of poison {unknown}
 t - a potion of lignification {unknown}
 w - 3 potions of cure mutation
 B - a potion of resistance {unknown}
 C - 2 potions of curing {unknown}
 E - a potion of brilliance
 L - a potion of cancellation {unknown}
Books
 b - a book of Necromancy

   Spells                             Type                      Level
   a - Pain                           Necromancy                   1
   b - Animate Skeleton               Necromancy                   1
   c - Vampiric Draining              Necromancy                   3
   d - Regeneration                   Charms/Necromancy            3
   e - Animate Dead                   Necromancy                   4
   f - Control Undead                 Necromancy                   4
 l - a book of Party Tricks

   Spells                             Type                      Level
   a - Summon Butterflies             Summoning                    1
   b - Apportation                    Translocation                1
   c - Tukima's Dance                 Hexes                        3
   d - Alistair's Intoxication        Transmutation/Poison         4
   e - Invisibility                   Hexes                        6
 x - a book of Fire

   Spells                             Type                      Level
   a - Ignite Poison                  Fire/Transmutation/Poison    3
   b - Fireball                       Conjuration/Fire             5
   c - Bolt of Fire                   Conjuration/Fire             6
   d - Delayed Fireball               Conjuration/Fire             7
   e - Ring of Flames                 Charms/Fire                  7
 F - Kikubaaqudgha's Disquisition on Dark Arts
   (Kikubaaqudgha gifted it to you on level 6 of the Dungeon)

   Spells                             Type                      Level
   a - Pain                           Necromancy                   1
   b - Corpse Rot                     Necromancy                   2
   c - Sublimation of Blood           Necromancy                   2
   d - Regeneration                   Charms/Necromancy            3
   e - Control Undead                 Necromancy                   4
Comestibles
 c - 11 bread rations
 i - 4 meat rations
 q - 7 beef jerkies
 H - a slice of pizza


   Skills:
 + Level 8.0 Fighting
 + Level 8.4 Dodging
 - Level 2.0 Stealth
 + Level 7.7 Spellcasting
 + Level 9.4 Necromancy


You had 13 spell levels left.
You knew the following spells:

 Your Spells              Type           Power        Failure   Level  Hunger
a - Pain                  Necr           ####         1%          1    None
r - Regeneration          Chrm/Necr      ####......   4%          3    None
s - Animate Skeleton      Necr           N/A          1%          1    None
v - Vampiric Draining     Necr           #####.....   1%          3    None
z - Animate Dead          Necr           N/A          1%          4    ###....


Dungeon Overview and Level Annotations

Branches:
Dungeon (11/15)            Temple (1/1) D:4            Lair (1/8) D:9
    Orc: D:9-12

Altars:
Ashenzari
Cheibriados
Dithmenos
Elyvilon
Fedhas
Gozag
Kikubaaqudgha
Makhleb
Nemelex Xobeh
Okawaru
Qazlal
Ru
Sif Muna
Trog
Vehumet
Xom
Yredelemnul
Zin
The Shining One

Shops:
D:6 =   D:8 %   D:10 %


Innate Abilities, Weirdness & Mutations

Your flesh is cold resistant.


Message History

Casting: Vampiric Draining
Confirm with . or Enter, or press ? or * to list all spells.
Aiming: Vampiric Draining
Press: ? - help, Shift-Dir - straight line, f/p - spiny frog
Aim: a spiny frog (severely wounded)
The spiny frog is almost dead.
You feel life coursing into your body.
You feel sick. The spiny frog stings you!!
* * * LOW HITPOINT WARNING * * *
Casting: Vampiric Draining
Confirm with . or Enter, or press ? or * to list all spells.
Aiming: Vampiric Draining
Press: ? - help, Shift-Dir - straight line, f/p - spiny frog
Aim: a spiny frog (almost dead)
The spiny frog is almost dead.
You feel life coursing into your body.
* * * LOW HITPOINT WARNING * * *
You feel sick. The spiny frog stings you!
You die...
Kikubaaqudgha rasps: "You have failed me!
Welcome... death!"

.. ##...# ...# #.....#
...# ## #.##...# ...##
#.####.###...##....#
##.#.#.#.#.##...#...#
#...........#.......#
##.#.#.#F#.####.....#
........@......?...#
#.#.#.#.#.#........##
....(...............#
#.#.#.#.#.#..####....#
#............## ##...#
##.#.#.#.#.### #...
........... ...
#.#.#.#.#.# #.
...........


You could see a spiny frog.

Vanquished Creatures
  A hill giant (D:10)
  4 slime creatures (D:9)
  A blink frog (Lair:1)
  A deep elf mage (D:9)
  Eustachio (D:4)
  A hippogriff (D:10)
  7 yaks (D:10)
  A water moccasin (D:10)
  A sky beast (D:10)
  A wasp (D:9)
  3 phantoms
  2 orc warriors
  3 black bears
  An eye of draining (D:10)
  2 ice beasts
  2 crocodiles
  An ogre (D:8)
  A big kobold (D:10)
  2 centaurs
  Blork the orc (D:5)
  6 giant frogs
  5 killer bees
  2 scorpions
  2 crimson imps
  2 jellies
  A quasit (D:10)
  A centaur zombie (D:6)
  4 iguanas
  3 orc priests
  A giant frog zombie (D:10)
  2 hounds
  Jessica (D:3)
  Terence (D:2)
  8 worker ants
  2 orc wizards (D:6)
  A killer bee zombie (D:8)
  A hound zombie (D:7)
  2 hound skeletons
  2 worker ant zombies
  8 adders
  5 river rats (Lair:1)
  A shadow imp (D:5)
  4 oozes
  4 adder skeletons
  5 giant geckos
  16 orcs
  10 hobgoblins
  9 jackals
  13 kobolds
  A quokka (D:5)
  A ball python (D:1)
  A ball python skeleton (D:4)
  6 bats
  6 giant cockroaches
  A giant gecko zombie (D:5)
  A giant newt (D:7)
  8 goblins
  3 quokka skeletons
  4 rats
191 creatures vanquished.

Vanquished Creatures (collateral kills)
  A hungry ghost (D:8)
  An ogre (D:6)
  A centaur (D:10)
  A wasp zombie (D:10)
  An adder (D:2)
  2 worms
  A bat (D:3)
  A giant cockroach (D:6)
  A kobold (D:10)
10 creatures vanquished.

Vanquished Creatures (others)
  A wizard (D:3)
1 creature vanquished.

Grand Total: 202 creatures vanquished

Notes
Turn   | Place    | Note
--------------------------------------------------------------
     0 | D:1      | Runnr the Human Necromancer began the quest for the Orb.
     0 | D:1      | Reached XP level 1. HP: 13/13 MP: 3/3
   576 | D:1      | Reached XP level 2. HP: 18/20 MP: 3/5
   661 | D:1      | Learned a level 1 spell: Animate Skeleton
  1106 | D:1      | Reached XP level 3. HP: 5/25 MP: 2/6
  1681 | D:2      | Reached skill level 1 in Fighting
  2079 | D:2      | Reached XP level 4. HP: 23/32 MP: 2/7
  2088 | D:2      | Learned a level 3 spell: Vampiric Draining
  2092 | D:2      | Learned a level 3 spell: Regeneration
  2334 | D:2      | Noticed Terence
  2357 | D:2      | Killed Terence
  2602 | D:2      | Your ally Terence died
  3017 | D:3      | Reached XP level 5. HP: 24/37 MP: 1/9
  3204 | D:3      | Noticed Jessica
  3221 | D:3      | Killed Jessica
  3384 | D:3      | Found a bloodstained altar of Trog.
  3385 | D:3      | Noticed a wizard
  3390 | D:3      | Killed a wizard
  3699 | D:4      | Found a staircase to the Ecumenical Temple.
  3706 | Temple   | Entered the Ecumenical Temple
  3947 | Temple   | Became a worshipper of Kikubaaqudgha
  4026 | D:4      | Noticed Eustachio
  4437 | D:4      | Reached XP level 6. HP: 40/44 MP: 5/10
  4507 | D:4      | Found a large runed door.
  4507 | D:4      | Found a large runed door.
  4569 | D:4      | Got an iridescent great mace
  4577 | D:4      | Identified the +11 great mace "Hulk" {freeze, SInv} (You found it on level 4 of the Dungeon)
  4605 | D:4      | Found a large runed door.
  4605 | D:4      | Found a large runed door.
  4781 | D:4      | Killed Eustachio
  4781 | D:4      | Reached skill level 5 in Necromancy
  4781 | D:4      | Reached XP level 7. HP: 47/52 MP: 7/12
  5081 | D:4      | Noticed a phantom
  5102 | D:4      | Killed a phantom
  5146 | D:5      | Entered Level 5 of the Dungeon
  5219 | D:5      | Noticed Blork the orc
  5227 | D:5      | Killed Blork the orc
  5292 | D:5      | Reached XP level 8. HP: 49/60 MP: 14/14
  5670 | D:5      | Learned a level 4 spell: Animate Dead
  5784 | D:5      | Found a bloodstained altar of Trog.
  5787 | D:5      | Found a shattered altar of Ashenzari.
  5788 | D:5      | Found a blossoming altar of Fedhas.
  5882 | D:6      | Reached skill level 5 in Dodging
  5903 | D:6      | Reached skill level 6 in Necromancy
  6107 | D:6      | Reached * piety under Kikubaaqudgha
  6107 | D:6      | Received a gift from Kikubaaqudgha
  6108 | D:6      | Identified Kikubaaqudgha's Disquisition on Dark Arts (Kikubaaqudgha gifted it to you on level 6 of the Dungeon)
  6285 | D:6      | Found a radiant altar of Vehumet.
  6293 | D:6      | Reached skill level 5 in Spellcasting
  6293 | D:6      | Reached XP level 9. HP: 47/67 MP: 16/16
  6438 | D:6      | Found Soushups's Jewellery Shop.
  6474 | D:6      | Reached skill level 5 in Fighting
  6772 | D:7      | Reached skill level 7 in Necromancy
  6808 | D:6      | Reached ** piety under Kikubaaqudgha
  7395 | D:7      | Found a glowing silver altar of Zin.
  7611 | D:8      | Noticed an eight-headed hydra
  7699 | D:8      | Got a scorched turquoise ring
  7701 | D:8      | Got a slimy shield
  7713 | D:8      | Identified the ring of Kanomot {+Fly rN+ MP-9 SInv} (You found it on level 8 of the Dungeon)
  7805 | D:8      | Identified the cursed +0 shield "Liuhu" {rElec rC- MR+ Str+6} (You found it on level 8 of the Dungeon)
  7820 | D:8      | Gained mutation: Your flesh is cold resistant. [potion of beneficial mutation]
  7842 | D:8      | Found a white marble altar of Elyvilon.
  8051 | D:8      | Found Naoqel's Food Shoppe.
  8099 | D:8      | Got a bone rapier
  8100 | D:8      | Identified the +6 rapier of Efics {drain, rC+ Str+3} (You found it on level 8 of the Dungeon)
  8718 | D:9      | Found a staircase to the Lair.
  8755 | D:9      | Reached XP level 10. HP: 76/76 MP: 19/19
  8891 | D:9      | Reached skill level 8 in Necromancy
  9582 | D:9      | Found a deep blue altar of Sif Muna.
  9582 | D:9      | Found a sparkling altar of Nemelex Xobeh.
  9927 | D:10     | Entered Level 10 of the Dungeon
 10238 | D:10     | Reached skill level 9 in Necromancy
 10499 | D:10     | Reached XP level 11. HP: 27/84 MP: 12/22
 10784 | D:10     | Found Rungoliff's Food Boutique.
 10879 | D:10     | Noticed a hill giant
 10908 | D:10     | Killed a hill giant
 11014 | Lair:1   | Entered Level 1 of the Lair of Beasts
 11159 | Lair:1   | Slain by a spiny frog

Action                   |  1- 3 |  4- 6 |  7- 9 | 10-12 || total
-------------------------+-------+-------+-------+-------++-------
Melee: Club              |     4 |     4 |       |       ||     8
       Dagger            |       |    26 |       |       ||    26
       Great mace        |       |    14 |   153 |    25 ||   192
       Rapier            |       |       |    53 |   208 ||   261
 Cast: Pain              |    67 |    97 |    20 |     7 ||   191
       Animate Skeleton  |     9 |    17 |    21 |     7 ||    54
       Regeneration      |       |     2 |    20 |    16 ||    38
       Vampiric Draining |       |       |     6 |    30 ||    36
       Animate Dead      |       |       |     2 |     5 ||     7
Invok: Receive Corpses   |       |       |     4 |       ||     4
  Use: Scroll            |       |       |     7 |     1 ||     8
       Potion            |       |       |     2 |       ||     2
 Stab: Sleeping          |       |       |     9 |     1 ||    10
  Eat: Chunk             |     5 |     8 |    17 |     9 ||    39
